 Dungeon Crawl Stone Soup version 0.30-b1-2-g02819fbbbe (webtiles) character file.

Game seed: 96700016788073400

66 sanka the Ruffian (level 3, 36/36 HPs)
             Began as a Troll Monk on May 21, 2023.
             Was a Plaything of Xom.
             Quit the game on level 2 of the Dungeon.
             The game lasted 00:01:37 (831 turns).

sanka the Ruffian (Troll Monk)                       Turns: 831, Time: 00:01:38

Health: 36/36      AC:  4    Str: 21    XL:     3   Next: 96%
Magic:  2/2        EV: 10    Int:  6    God:    Xom [..*...]
Gold:   71         SH:  0    Dex: 12    Spells: 2/2 levels left

rFire   . .          .
                       - Unarmed
rCold   . . .        c - orb {light}
rNeg    . . .        a - +0 robe
rPois   .            (helmet restricted)
rElec   .            (no cloak)
rCorr   .            (gloves unavailable)
SInv    .            (boots unavailable)
Will    .....        (no amulet)
Stlth   +            (no ring)
HPRegen 1.06/turn    (no ring)
MPRegen 0.08/turn

%: no passive effects
@: glowing
A: large, unfitting armour, claws 3, regeneration 1, shaggy fur 1, tough skin 1
a: Renounce Religion


You were on level 2 of the Dungeon.
You worshipped Xom.
You were a toy of Xom.
You visited 1 branch of the dungeon, and saw 2 of its levels.

You collected 121 gold pieces.
You spent 50 gold pieces at shops.

Inventory:

Armour
 a - a +0 robe (worn)
 c - an orb of light (worn)
Scrolls
 d - a scroll of silence {!r}
 e - 2 scrolls of teleportation {@r4}
 f - 2 scrolls of blinking {unknown}
 g - a scroll of immolation {!r}
 h - a scroll of enchant armour
 l - 2 scrolls of magic mapping {unknown}
 m - a scroll of enchant weapon {unknown}
 n - a scroll of torment {unknown}
Potions
 b - a potion of ambrosia
 i - 2 potions of lignification {unknown}
 j - a potion of curing {unknown}
 k - a potion of attraction {unknown}
 o - a potion of cancellation {unknown}


   Skills:
 - Level 2.4 Fighting
 - Level 2.4 Dodging
 + Level 4.9 Unarmed Combat


You had 2 spell levels left.
You didn't know any spells.
Your spell library was empty.

Dungeon Overview and Level Annotations

Branches:
Dungeon (2/15)

Altars:
Xom

Shops:
D:1 ?


Innate Abilities, Weirdness & Mutations

You are too large for most types of armour.
You have claws for hands.
Your natural rate of healing is unusually fast.
You are covered in fur. (AC +1)
You have tough skin. (AC +1)


Message History

A bat comes into view.
A bat is nearby!
A bat is nearby!
A bat is nearby!
The bat barely misses you. The bat hits you but does no damage.
You claw the bat!
You kill the bat!
No target in view!
No target in view!
No target in view!
An adder comes into view.
An adder is nearby!
An adder is nearby!
An adder is nearby!
Found a faded altar of an unknown god.
The floating eye turns its gaze towards you.
The adder hisses angrily.
A rat comes into view.
The adder barely misses you.
You barely miss the adder. The adder bites you.
You claw the adder!
You kill the adder!
You claw the rat!
You kill the rat!
The floating eye pulsates ominously.
No reachable target in view!
No reachable target in view!
The floating eye turns its gaze towards you. x2
The great orb of eyes turns its gaze towards you.
You see here an adder corpse.
You now have 71 gold pieces (gained 2).
There is a faded altar of an unknown god here.
This altar belongs to (a) Xom, (b) the Shining One or (c) Fedhas, but you can't tell which.
Press the corresponding letter to learn more about a god, or press enter to convert or escape to cancel.
Xom accepts your prayer! Xom welcomes you!
Xom is intrigued!
Unknown command.
Press < or > to pray at altars.
Are you sure you want to abandon this character and quit the game? (Confirm with "yes".)

#.## #.##.
#######.#
#.##.
##.......####
..
#...........#
.#
#.###..†###.#
#. # #G#...#G#
# #.
...###...###.#
#............#
#.....@.....#
.............#
#..###...###.#
##.#G#...#G#.#
##. ###...###
. ####.. .....
# ....# ###.#.
##.## #....
#.#


You could see a great orb of eyes and 3 floating eyes.

Vanquished Creatures
  3 adders (D:2)
  A dart slug (D:2)
  3 ball pythons
  3 endoplasms (D:1)
  7 goblins
  3 hobgoblins
  2 jackals (D:2)
  A quokka (D:2)
  3 bats
  2 frilled lizards
  4 kobolds
  4 rats
36 creatures vanquished.

Notes
Turn   | Place    | Note
-------+----------+-------------------------------------------
     0 | D:1      | sanka the Troll Monk began the quest for the Orb.
     0 | D:1      | Reached XP level 1. HP: 22/22 MP: 0/0
    43 | D:1      | Found Hasmagit's Magic Scroll Boutique.
   109 | D:1      | Reached XP level 2. HP: 26/29 MP: 1/1
   513 | D:1      | Bought a scroll of teleportation for 30 gold pieces
   513 | D:1      | Bought a scroll of identify for 20 gold pieces
   546 | D:2      | Reached skill level 4 in Unarmed Combat
   666 | D:2      | Reached XP level 3. HP: 36/36 MP: 2/2
   818 | D:2      | Found a faded altar of an unknown god.
   818 | D:2      | Noticed a floating eye
   824 | D:2      | Noticed a floating eye
   824 | D:2      | Noticed a floating eye
   824 | D:2      | Noticed a great orb of eyes
   830 | D:2      | Prayed at the altar of an unknown god.
   830 | D:2      | Became a worshipper of Xom the Chaotic
   831 | D:2      | Quit the game

Illustrated notes

Levels and vault maps discovered:
D:1:      heliophobic_arrival_glass_houses, layout_rooms, serial_shops,
          nicolae_shop_tiny_statue_garden
D:2:      layout_loops_ring, hellmonk_ecumenical_altar_watching_god,
          chequers_serial_rivers_micro_a

Skill      XL: |  1  2 |
---------------+-------+-----
Unarmed Combat | 4 |  4.9
Fighting       | |  2.4
Dodging        | |  2.4

Action                     || total
---------------------------++-------
  Melee: Unarmed           ||    58
    Use: Scroll            ||     3
 Armour: Robe              ||    24
  Dodge: Dodged            ||    28
